[Event "Team 45 45 League T63"]
[Site "Internet Chess Club"]
[Date "2014.12.13"]
[Round "3"]
[White "bondguy01"]
[Black "Innes"]
[Result "1-0"]
[WhiteElo "1774"]
[BlackElo "1562"]
[Opening "Nimzo-Indian: classical variation"]
[ECO "E32"]
[Time "14:00:19"]
[TimeControl "2700+45"]

1. d4 Nf6 2. c4 e6 3. Nc3 Bb4 4. Qc2 c6 5. Bf4 d5 6. e3 O-O 7. Bd3 dxc4 8. Bxc4
Nd5 9. Bg3 Qa5 10. Ne2 Nxc3 11. Nxc3 Qh5 12. O-O Bxc3 13. bxc3 Nd7 14. Rab1 Nf6
15. e4 b6 16. e5 Nd5 17. Be2 Qg6 18. Bd3 Qh5 19. c4 Nb4 20. Rxb4 c5 21. dxc5
bxc5 22. Rbb1 Bd7 23. Be4 Rad8 24. Rb7 f5 25. exf6 Rxf6 26. Rd1 Qf7 27. Bc6
{Black resigns} 1-0

[Event "Team 45 45 League T63"]
[Site "Internet Chess Club"]
[Date "2014.12.21"]
[Round "3"]
[White "RubberDuck"]
[Black "achessman"]
[Result "1/2-1/2"]
[WhiteElo "1941"]
[BlackElo "1990"]
[Opening "Petrov: classical attack, Jaenisch variation"]
[ECO "C42"]
[Time "06:05:03"]
[TimeControl "2700+45"]

1. e4 e5 2. Nf3 Nf6 3. Nxe5 d6 4. Nf3 Nxe4 5. d4 d5 6. Bd3 Nc6 7. O-O Be7 8. c4
Nb4 9. Be2 O-O 10. Nc3 Bf5 11. a3 Nxc3 12. bxc3 Nc6 13. Re1 Re8 {Game drawn by
mutual agreement} 1/2-1/2

[Event "Team 45 45 League T63"]
[Site "Internet Chess Club"]
[Date "2014.12.11"]
[Round "3"]
[White "CaoCao"]
[Black "fledermaus"]
[Result "1/2-1/2"]
[WhiteElo "1916"]
[BlackElo "1824"]
[Opening "Sicilian: Scheveningen variation"]
[ECO "B80"]
[Time "11:08:31"]
[TimeControl "2700+45"]

1. e4 c5 2. Nf3 e6 3. d4 cxd4 4. Nxd4 Nf6 5. Nc3 d6 6. Be3 Be7 7. f3 Nc6 8. Qd2
O-O 9. O-O-O d5 10. exd5 Nxd5 11. Nxd5 Qxd5 12. Nb3 Qxd2+ 13. Rxd2 Rd8 14. Rxd8+
Bxd8 15. Be2 e5 16. Rd1 Be6 17. Nc5 Bb6 18. Bg1 Bxc5 19. Bxc5 f6 20. b3 b6 21.
Be3 Rd8 22. Rxd8+ Nxd8 23. Kb2 Kf7 24. a4 Nc6 25. Kc3 Ke7 26. Bd3 g6 {Game drawn
by mutual agreement} 1/2-1/2

[Event "Team 45 45 League T63"]
[Site "Internet Chess Club"]
[Date "2014.12.13"]
[Round "3"]
[White "parrot9"]
[Black "ghostfire"]
[Result "1-0"]
[WhiteElo "1680"]
[BlackElo "1710"]
[Opening "Ruy Lopez: closed (10...c5)"]
[ECO "C96"]
[Time "08:33:41"]
[TimeControl "2700+45"]

1. e4 e5 2. Nf3 Nc6 3. Bb5 a6 4. Ba4 Nf6 5. O-O Be7 6. Re1 b5 7. Bb3 d6 8. c3
O-O 9. h3 Na5 10. Bc2 c5 11. d4 exd4 12. cxd4 cxd4 13. Nxd4 Qc7 14. Nd2 Nc6 15.
N2f3 Ne5 16. Bf4 Nxf3+ 17. Nxf3 Bb7 18. Rc1 Qa5 19. Bxd6 Rfd8 20. e5 Bxf3 21.
Qxf3 Bxd6 22. exd6 Qxa2 23. Bb3 Qxb2 24. Rc7 Rac8 25. Rxc8 Rxc8 26. d7 Rd8 27.
Re8+ Rxe8 28. dxe8=Q+ {Black resigns} 1-0

[Event "Team 45 45 League T63"]
[Site "Internet Chess Club"]
[Date "2014.12.12"]
[Round "3"]
[White "Constrictor"]
[Black "hondocando"]
[Result "0-1"]
[WhiteElo "1669"]
[BlackElo "1589"]
[Opening "Bird's opening"]
[ECO "A03"]
[Time "20:03:33"]
[TimeControl "2700+45"]

1. f4 d5 2. Nf3 Nf6 3. b3 g6 4. Bb2 Bg7 5. e3 O-O 6. d3 c5 7. Nbd2 Nc6 8. Be2
Ng4 9. Bxg7 Nxe3 10. Bxf8 Nxd1 11. Bxe7 Qxe7 12. Rxd1 Nd4 13. Nxd4 cxd4 14. Kf2
Qe3+ 15. Kf1 Bd7 16. Nf3 Bg4 17. h3 Bxf3 18. Bxf3 Qxf4 19. Re1 Kf8 20. Kf2 Re8
21. Rxe8+ Kxe8 22. Re1+ Kd7 23. Kg1 Kd6 24. Re2 f5 25. Kf2 h5 26. Kg1 h4 27. Re8
Qc1+ 28. Kh2 Qxc2 29. Rd8+ Ke7 30. Rxd5 Qxd3 31. Ra5 b5 32. Rxa7+ Kf6 33. Ra6+
Kg5 34. Ra8 Qc3 35. a4 Kf4 36. a5 Ke3 37. Re8+ Kf2 38. Re2+ Kf1 39. a6 Qa5 40.
Re6 d3 41. Rxg6 Kf2 42. Rd6 Qe1 {White resigns} 0-1